 Dungeon Crawl Stone Soup version 0.27.1-35-g4d5d836560 (webtiles) character file.

Game seed: 14878907462857164765

5543 Delamore the Covert (level 10, -17/66 HPs)
             Began as an Octopode Brigand on Mar 15, 2022.
             Was an Initiate of Gozag.
             Killed from afar by a fire dragon (46 damage)
             ... with a blast of flame
             ... on level 8 of the Dungeon.
             The game lasted 00:10:03 (10533 turns).

Delamore the Covert (Octopode Brigand)             Turns: 10533, Time: 00:10:04

Health: -17/66     AC:  1    Str: 11    XL:     10   Next: 71%
Magic:  10/10      EV: 17    Int: 14    God:    Gozag
Gold:   727        SH:  0    Dex: 28    Spells: 9/9 levels left

rFire    . . .     SeeInvis .   j - +2 short sword (elec)
rCold    . . .     Faith    .   (no shield)
rNeg     + . .     Spirit   .   (helmet restricted)
rPois    +         Reflect  .   (no amulet)
rElec    .         Harm     .   i - ring of resist corrosion
rCorr    +         Rampage  .   m - ring of positive energy
Will     .....                  f - +6 ring of dexterity
Stlth    ++++++....             s - +6 ring of dexterity
HPRegen  0.21/turn              H - ring of poison resistance
MPRegen  0.12/turn              (no ring)
                                (no ring)
                                (no ring)

@: no status effects
A: almost no armour, amphibious, 8 rings, camouflage 1, gelatinous body 1,
(nimble swimmer 1), tentacles
a: Renounce Religion, Potion Petition, Call Merchant, Bribe Branch


You were on level 8 of the Dungeon.
You worshipped Gozag.
Gozag was pleased with you.
You visited 2 branches of the dungeon, and saw 9 of its levels.
You also visited: Ossuary.

You collected 957 gold pieces.
You spent 130 gold pieces at shops.
You paid 100 gold pieces to Gozag.

Inventory:

Hand Weapons
 a - a +2 dagger
 j - a +2 short sword of electrocution (weapon)
 x - a +3 vampiric dagger
 y - a +0 rapier
Missiles
 b - 36 poisoned darts (quivered)
 M - a curare-tipped dart
Armour
 A - a +0 kite shield
Jewellery
 f - a +6 ring of dexterity (on tentacle)
 i - a ring of resist corrosion (left tentacle)
 m - a ring of positive energy (right tentacle)
 s - a +6 ring of dexterity (on tentacle)
 H - a ring of poison resistance (on tentacle)
Wands
 c - a wand of iceblast (7)
 z - a wand of acid (7)
 F - a wand of mindburst (16)
Scrolls
 k - 2 scrolls of enchant weapon
 n - 2 scrolls of amnesia
 o - 2 scrolls of fog
 q - a scroll of summoning
 r - a scroll of torment
 u - a scroll of blinking
 C - a scroll of teleportation
 I - a scroll of immolation
 K - a scroll of noise
 L - a scroll of vulnerability {unknown}
Potions
 d - 2 potions of brilliance
 e - a potion of haste {unknown}
 g - 2 potions of resistance {unknown}
 h - 6 potions of heal wounds
 l - 6 potions of curing
 p - 5 potions of might {unknown}
 t - 2 potions of berserk rage {unknown}
 v - 2 potions of mutation {unknown}
 w - 3 potions of magic {unknown}
 D - a potion of flight {unknown}
 E - a potion of lignification {unknown}
 G - a potion of ambrosia {unknown}
 J - 2 potions of degeneration {unknown}


   Skills:
 - Level 5.0 Fighting
 - Level 10.0 Short Blades
 - Level 5.0 Throwing
 - Level 5.0 Dodging
 - Level 10.0 Stealth
 + Level 4.8 Shields
 - Level 5.0 Evocations


You had 9 spell levels left.
You didn't know any spells.
Your spell library contained the following spells:

 Spells                   Type           Power      Damage    Failure   Level
 Sting                    Tmut/Pois      0%         1d3       28%         1
 Sublimation of Blood     Necr           0%         N/A       41%         2
 Gell's Gravitas          Tloc           0%         N/A       65%         3
 Lesser Beckoning         Tloc           0%         N/A       65%         3
 Teleport Other           Tloc           0%         N/A       65%         3
 Petrify                  Tmut/Erth      0%         N/A       96%         4
 Irradiate                Conj/Tmut      0%         3d14      100%        5
 Dispersal                Tloc           0%         N/A       100%        6


Dungeon Overview and Level Annotations

Branches:
Dungeon (8/15)             Temple (1/1) D:5            Lair (0/6) D:8
Ossuary (visited)

Altars:
Ashenzari
Cheibriados
Dithmenos
Elyvilon
Gozag
Hepliaklqana
Makhleb
Ru
Sif Muna
Trog
Uskayaw
Vehumet
Wu Jian
Xom
Yredelemnul
Zin
The Shining One

Shops:
D:5 ?(


Innate Abilities, Weirdness & Mutations

You cannot wear most types of armour.
You are amphibious.
You can wear up to eight rings at the same time.
Your skin changes colour to match your surroundings (Stealth+).
Your rubbery body absorbs attacks. (AC +1, EV +1)
((You are camouflaged near water. (Stealth+)))
You have tentacles for arms and can constrict up to eight enemies at once.


Message History

A fire dragon is nearby!
You start waiting.
A fire dragon is nearby!
Aiming: Corrosive Bolt
Press: ? - help, Shift-Dir - straight line, f - fire dragon
Aim: a fire dragon (wandering, hasn't noticed you, 81% to hit)
The bolt of acid hits the fire dragon but does no damage.
The fire dragon roars deafeningly!
Aiming: Corrosive Bolt
Press: ? - help, Shift-Dir - straight line, f/p - fire dragon
Aim: a fire dragon (81% to hit)
The bolt of acid hits the fire dragon!
The fire dragon is splashed with acid.
The fire dragon is lightly wounded.
The fire dragon barely misses you. The fire dragon closely misses you.
The fire dragon tramples you!
You stumble backwards!
Okay, then.
Throw: throwing net
Press: ? - help, Q - select action, (/) - cycle Shift-Dir - straight line, f/p - fire dragon
Aim: a fire dragon (lightly wounded, 75% to hit, immune to nets)
You throw a throwing net. The throwing net hits the fire dragon.
The fire dragon is too large for the net to hold!
The fire dragon is lightly wounded.
The fire dragon closely misses you. The fire dragon claws you!
The fire dragon tramples you.
You hold your ground!
You barely miss the fire dragon.
The fire dragon is lightly wounded.
The fire dragon closely misses you. The fire dragon claws you.
The fire dragon tramples you!
You hold your ground!
You hit the fire dragon but do no damage.
Lightning courses through the fire dragon!!
Your squeeze misses the fire dragon.
The fire dragon is moderately wounded.
You hit the fire dragon but do no damage.
You squeeze the fire dragon, but do no damage.
The fire dragon is moderately wounded.
The fire dragon breathes flames at you. The blast of flame hits you!!!
Ouch! That really hurt!
You die...
Your body crumbles into a pile of gold.

############# ..##...
...# #.##.####..#
#####.#.......$#######
#......$.$...$....?...
#.###.#.D#..#..######
#. #.#@(#.###.#
##.#.###.#..##.#..#
.........#........#
###.##.##.#####D.#
#.##.##.. ....#
#.##.#### #.o...
#.#..# #......$
#.?..####........
#.......+........


You could see a fire dragon (catching breath).

Vanquished Creatures
  Pikel (D:8)
  Psyche (D:8)
  Maggie (D:8)
  Sigmund (D:4)
  A shadow (D:7)
  4 yaks (D:8)
  2 steam dragons (D:7)
  A hornet zombie (D:7)
  3 water moccasins
  2 necrophages (D:6)
  A centaur (D:7)
  2 lemures (D:8)
  3 phantoms
  A kobold brigand (D:4)
  2 bullfrogs
  12 scorpions
  A water moccasin skeleton (D:5)
  8 wights
  3 howler monkeys
  2 centaur zombies (Ossuary)
  A human zombie (Ossuary)
  A jelly (D:6)
  2 bullfrog skeletons (D:5)
  2 orc priests
  4 iguanas
  Terence (D:2)
  Natasha (D:2)
  9 orc wizards
  6 scorpion zombies (Ossuary)
  A killer bee zombie (D:7)
  3 mummies (Ossuary)
  12 gnolls
  A howler monkey skeleton (D:4)
  4 adders
  A white imp (D:7)
  An adder skeleton (D:4)
  A worm (D:3)
  3 dart slugs
  23 orcs
  9 ball pythons
  7 bats
  6 endoplasms
  2 giant cockroaches
  5 goblins
  13 hobgoblins
  A quokka (D:2)
  3 training dummies (D:5)
  4 frilled lizards
  3 gnoll zombies (Ossuary)
  2 hobgoblin zombies (Ossuary)
  9 kobolds
  A kobold zombie (Ossuary)
  4 orc zombies (Ossuary)
  2 rats (D:2)
200 creatures vanquished.

Notes
Turn   | Place    | Note
-------+----------+-------------------------------------------
     0 | D:1      | Delamore the Octopode Brigand began the quest for the Orb.
     0 | D:1      | Reached XP level 1. HP: 14/14 MP: 1/1
   130 | D:1      | Found a faded altar of an unknown god.
   401 | D:1      | Reached XP level 2. HP: 19/19 MP: 2/2
   837 | D:1      | Reached XP level 3. HP: 9/24 MP: 3/3
  1614 | D:2      | Noticed Terence
  1621 | D:2      | Killed Terence
  1622 | D:2      | Reached XP level 4. HP: 8/29 MP: 4/4
  2137 | D:2      | Reached XP level 5. HP: 15/34 MP: 5/5
  2540 | D:2      | Noticed Natasha
  2546 | D:2      | Killed Natasha
  3229 | D:3      | You fall into a shaft and drop 2 floors!
  3229 | D:5      | Entered Level 5 of the Dungeon
  3235 | D:5      | Reached XP level 6. HP: 39/39 MP: 6/6
  3237 | D:5      | Reached skill level 5 in Short Blades
  3258 | D:4      | Noticed Sigmund
  3342 | D:5      | Found Fexa's Magic Scroll Shop.
  3345 | D:5      | Bought a scroll of fog for 26 gold pieces
  3345 | D:5      | Bought a scroll of identify for 26 gold pieces
  3434 | D:4      | Killed Sigmund
  3435 | D:4      | Reached XP level 7. HP: 44/45 MP: 7/7
  3735 | D:3      | Found a shimmering blue altar of Sif Muna.
  3751 | D:3      | Got Sif Muna's Disquisition on Moulding
  4160 | D:3      | Found a shimmering altar of Xom.
  4730 | D:4      | Found a sacrificial altar of Ru.
  5004 | D:4      | Reached XP level 8. HP: 42/50 MP: 8/8
  5097 | D:4      | Found a hide-covered altar of Uskayaw.
  5699 | D:5      | Found a staircase to the Ecumenical Temple.
  5715 | Temple   | Entered the Ecumenical Temple
  5727 | Temple   | Became a worshipper of Gozag Ym Sagoz the Greedy
  5780 | D:5      | Found Toykh's Firing Range.
  5879 | D:5      | Reached skill level 10 in Stealth
  5906 | D:5      | Found a radiant altar of Vehumet.
  5977 | D:5      | Found a shadowy altar of Dithmenos.
  6007 | D:5      | Found a white marble altar of Elyvilon.
  6131 | D:5      | Bought 3 scrolls of identify for 78 gold pieces
  6739 | D:6      | Found an ornate altar of the Wu Jian Council.
  7041 | D:6      | Reached XP level 9. HP: 54/54 MP: 9/9
  7095 | D:6      | Found a broken altar of Ashenzari.
  7148 | D:6      | Reached skill level 10 in Short Blades
  7744 | D:6      | You fall into a shaft and drop 1 floor!
  7860 | D:7      | Found a sand-covered staircase.
  7866 | Ossuary  | Entered an ossuary
  9011 | D:7      | Reached XP level 10. HP: 65/65 MP: 10/10
  9057 | D:7      | Reached skill level 1 in Evocations
  9123 | D:7      | Reached skill level 5 in Throwing
  9142 | D:7      | Reached skill level 5 in Fighting
  9393 | D:8      | Noticed Maggie
  9402 | D:8      | Killed Maggie
  9403 | D:8      | Reached skill level 5 in Dodging
  9403 | D:8      | Reached skill level 1 in Shields
  9702 | D:8      | Found a burning altar of Makhleb.
  9769 | D:8      | Noticed Psyche
  9783 | D:8      | Killed Psyche
  9945 | D:8      | Noticed Pikel
  9958 | D:8      | Killed Pikel
 10040 | D:8      | Reached skill level 5 in Evocations
 10333 | D:8      | Found a hazy altar of Hepliaklqana.
 10411 | D:8      | Noticed a fire dragon
 10412 | D:8      | Found a staircase to the Lair.
 10533 | D:8      | Killed from afar by a fire dragon

Illustrated notes

Levels and vault maps discovered:
D:1:      dpeg_arrival_long_road, layout_basic,
          dreamdust_ecumenical_altar_statues, kennysheep_small_spiral
D:2:      layout_loops_ring, uniq_natasha, uniq_terence
D:3:      layout_basic, xom_butterflies, led_sif_book
D:4:      layout_basic, kennysheep_little_box, nicolae_uskayaw_dance_hall,
          serial_glass, glass_columns_a, glass_columns_b, glass_columns_a,
          st_stairs_5, uniq_sigmund
D:5:      layout_cave_pools, vehumet_crystals, mainiacjoe_overflow_two_lobes,
          minmay_temple_entry_offerings, serial_shops, kennysheep_mini_moat,
          corexii_leaking_fountain, nicolae_shop_firing_range
D:6:      layout_basic, nicolae_wu_jian_immortal_techniques, marbit_many_paths,
          minmay_crystal_room
D:7:      layout_loops_cross, nicolae_ossuary_entry_plus
D:8:      layout_loops_corners, mainiacjoe_overflow_paths,
          worldfamousw_hep_ancestral_shrine, minmay_lair_entry_lava, uniq_pikel,
          uniq_psyche, uniq_maggie
Temple:   eino_wide_crystal_templ

Skill      XL: |  1  2  3  4  5  6  7  8  9 10 |
---------------+-------------------------------+-----
Stealth        | 6 7 8 9 10 | 10.0
Short Blades   | 3 4 5 7 9 10 | 10.0
Fighting       | 4 5 |  5.0
Throwing       | 4 5 |  5.0
Dodging        | 4 5 |  5.0
Evocations     | 5 |  5.0
Shields        | 4 |  4.8

Action                   |  1- 3 |  4- 6 |  7- 9 | 10-12 || total
-------------------------+-------+-------+-------+-------++-------
Melee: Dagger            |    30 |       |       |       ||    30
       Constrict         |     9 |    11 |    54 |     7 ||    81
       Tentacles         |     9 |     7 |    68 |    18 ||   102
       Short sword       |    15 |    51 |   239 |    59 ||   364
       Unarmed           |       |       |       |     8 ||     8
Throw: Dart              |     1 |       |     1 |     3 ||     5
       Throwing net      |       |       |       |     1 ||     1
Evoke: Wand              |       |       |       |     3 ||     3
  Use: Scroll            |       |     4 |    12 |       ||    16
 Stab: Sleeping          |     9 |    10 |    35 |    12 ||    66
       Distracted        |       |     1 |     1 |     2 ||     4
       Confused          |       |       |       |     2 ||     2
Armor: Skin              |     1 |     1 |     9 |     2 ||    13
Dodge: Dodged            |    23 |    30 |   103 |    14 ||   170
